 Dungeon Crawl Stone Soup version 0.32-a0-422-g28b100f (webtiles) character file.

Game seed: 10904564335302135073

2562 Nithhogg the Cleaver (level 9, 0/80 HPs)
             Began as a Mountain Dwarf Fighter on Feb 21, 2024.
             Slain by a sky beast (6 damage)
             ... on level 7 of the Dungeon.
             The game lasted 00:07:06 (4306 turns).

Nithhogg the Cleaver (Mountain Dwarf Fighter)       Turns: 4306, Time: 00:07:06

Health: 0/80       AC: 13    Str: 23    XL:     9   Next: 31%
Magic:  9/9        EV:  9    Int:  9    God:
Gold:   430        SH:  4    Dex:  9    Spells: 8/8 levels left

rFire   . . .        a - +0 war axe
rCold   . . .        c - +0 buckler
rNeg    . . .        h - +3 chain mail
rPois   +            (no helmet)
rElec   .            (no cloak)
rCorr   .            (no gloves)
SInv    .            (no boots)
Will    +....        m - amulet of regeneration Stlth
                     s - ring of willpower
HPRegen 1.13/turn    C - ring of poison resistance
MPRegen 0.11/turn

%: no passive effects
@: no status effects
A: runic magic, artefact enchanting
a: no special abilities


You were on level 7 of the Dungeon.
You visited 2 branches of the dungeon, and saw 8 of its levels.

You collected 430 gold pieces.

Inventory:

Hand Weapons
 a - a +0 war axe (weapon)
 y - a +0 whip of flaming
Missiles
 f - 18 poisoned darts (quivered)
 g - a throwing net
Armour
 b - a +0 scale mail
 c - a +0 buckler (worn)
 h - a +3 chain mail (worn)
Jewellery
 m - an amulet of regeneration (around neck)
 q - an amulet of guardian spirit
 s - a ring of willpower (left hand)
 C - a ring of poison resistance (right hand)
Wands
 t - a wand of flame (1)
 w - a wand of mindburst (12)
 x - a wand of iceblast (8)
Scrolls
 e - a scroll of identify
 j - 2 scrolls of poison
 o - a scroll of immolation
 p - 4 scrolls of teleportation
 r - a scroll of revelation
 u - a scroll of enchant weapon
 v - a scroll of amnesia
 B - a scroll of noise
Potions
 d - a potion of might
 l - 2 potions of resistance
 n - a potion of degeneration
 z - a potion of invisibility {unknown}
 A - a potion of mutation


   Skills:
 + Level 7.7 Fighting
 + Level 8.0 Axes
 + Level 7.6 Armour
 + Level 4.6 Dodging
 - Level 3.2 Shields


You had 8 spell levels left.
You didn't know any spells.
Your spell library contained the following spells:

 Spells                   Type           Power      Damage    Failure   Level
 Cigotuvi's Dreadful Rot  Necr/Alch/Air  0%         N/A       73%         2
 Volatile Blastmotes      Fire/Tloc      0%         2d10      91%         3
 Fulminant Prism          Conj/Alch      0%         3d5       100%        4
 Ignite Poison            Fire/Alch      0%         N/A       100%        4
 Iskenderun's Mystic Bla  Conj/Tloc      0%         2d3       100%        4
 Freezing Cloud           Conj/Ice/Air   0%         6-21      100%        5


Dungeon Overview and Level Annotations

Branches:
Dungeon (7/15)             Temple (1/1) D:6

Altars:
Ashenzari
Cheibriados
Dithmenos
Elyvilon
Fedhas
Gozag
Hepliaklqana
Nemelex Xobeh
Qazlal
Sif Muna
Trog
Uskayaw
Wu Jian
Xom
Yredelemnul
Zin
The Shining One

Shops:
D:1 (![*   D:2 (   D:5 (


Innate Abilities, Weirdness & Mutations

Your spellcasting is much less encumbered by armour.
You can use scrolls of enchantment on lesser artefacts.


Message History

You slash something! Something hits you but does no damage.
You closely miss something. Something hits you but does no damage.
You barely miss something. Something hits you but does no damage.
You closely miss something. Something hits you. Something shocks you.
You hit something but do no damage. You block something's attack.
Something hits you but does no damage.
You miss something. Something hits you but does no damage.
You barely miss something.
A sky beast appears from thin air!
Reactivating autopickup.
The sky beast hits you. The sky beast shocks you.
* * * LOW HITPOINT WARNING * * *
You closely miss the sky beast.
The sky beast is almost dead.
The sky beast flickers out of sight!
Deactivating autopickup; reactivate with Ctrl-A.
Something hits you.
* * * LOW HITPOINT WARNING * * *
Something shocks you.
* * * LOW HITPOINT WARNING * * *
You barely miss something. Something hits you but does no damage.
You closely miss something. Something hits you.
* * * LOW HITPOINT WARNING * * *
Something shocks you.
* * * LOW HITPOINT WARNING * * *
You miss something. Something hits you.
* * * LOW HITPOINT WARNING * * *
Something shocks you.
* * * LOW HITPOINT WARNING * * *
Something hits you but does no damage.
You feel better. Something hits you.
* * * LOW HITPOINT WARNING * * *
Something shocks you.
* * * LOW HITPOINT WARNING * * *
Aiming: Iceblast
Press: ? - help, Shift-Dir - straight line
Okay, then.
Something hits you.
* * * LOW HITPOINT WARNING * * *
Something shocks you.
You die...

######.##
.....<.#†#
.######..#
#..# #..#
#..# #.####
#..#
#...~.##..#
#>{@./#
#.###.# #.
..# #. ###
#. #. .. ..


There were no monsters in sight!

Vanquished Creatures
  Pikel (D:4)
  Grinder (D:5)
  Eustachio (D:5)
  2 water moccasins
  A sky beast (D:6)
  An ogre (D:5)
  A centaur (D:6)
  4 lemures (D:4)
  A phantom (D:5)
  2 bullfrogs (D:7)
  A gnoll sergeant (D:6)
  A scorpion (D:5)
  3 howler monkeys (D:7)
  3 bombardier beetles
  An orc priest (D:6)
  3 hounds
  4 jellies
  Ijyb (D:4)
  4 orc wizards
  A sleepcap (D:5)
  3 iguanas (D:5)
  2 adders
  7 gnolls
  2 ufetubi (D:6)
  A ribbon worm (D:3)
  A dart slug (D:1)
  11 orcs
  6 ball pythons
  3 bats
  4 endoplasms
  2 giant cockroaches
  4 goblins
  3 hobgoblins
  8 jackals (D:1)
  6 kobolds
  3 quokkas
  4 frilled lizards
  5 rats
112 creatures vanquished.

Notes
Turn   | Place    | Note
-------+----------+-------------------------------------------
     0 | D:1      | Nithhogg the Mountain Dwarf Fighter began the quest for the
                  | Orb.
     0 | D:1      | Reached XP level 1. HP: 19/19 MP: 1/1
    16 | D:1      | Reached XP level 2. HP: 23/26 MP: 2/2
   127 | D:1      | Reached skill level 3 in Axes
   133 | D:1      | Reached XP level 3. HP: 19/33 MP: 3/3
   277 | D:1      | Reached skill level 1 in Dodging
   423 | D:1      | Found Odiho's Armour Shop.
   479 | D:1      | Found Jyrountyzie's Distillery.
   694 | D:1      | Found Noofusch's Weapon Boutique.
   711 | D:1      | Reached XP level 4. HP: 40/40 MP: 4/4
   788 | D:1      | Found Sibas's Assorted Antiques.
   874 | D:2      | Found a faded altar of an unknown god.
  1170 | D:2      | Found Qifrep's Weapon Emporium.
  1879 | D:4      | Found a shadowy altar of Dithmenos.
  1888 | D:4      | Noticed a lemure
  1889 | D:4      | Noticed a lemure
  1889 | D:4      | Noticed a lemure
  1890 | D:4      | Noticed Pikel
  1891 | D:4      | Noticed a lemure
  2001 | D:5      | Entered Level 5 of the Dungeon
  2052 | D:5      | Noticed Grinder
  2055 | D:5      | Paralysed by Grinder for 2 turns
  2061 | D:5      | Killed Grinder
  2062 | D:5      | Reached skill level 4 in Axes
  2062 | D:5      | Reached XP level 5. HP: 42/47 MP: 5/5
  2062 | D:5      | Reached XP level 6. HP: 47/53 MP: 6/6
  2299 | D:4      | Found a shimmering blue altar of Sif Muna.
  2342 | D:4      | Reached skill level 5 in Fighting
  2484 | D:4      | Killed Pikel
  2485 | D:4      | Reached skill level 5 in Axes
  2485 | D:4      | Reached skill level 5 in Armour
  2485 | D:4      | Reached XP level 7. HP: 28/62 MP: 7/7
  2532 | D:4      | Noticed Ijyb
  2538 | D:4      | Killed Ijyb
  2745 | D:5      | Reached skill level 6 in Axes
  2751 | D:5      | Reached XP level 8. HP: 16/70 MP: 8/8
  3041 | D:5      | Noticed Eustachio
  3050 | D:5      | Killed Eustachio
  3062 | D:5      | Found Elaniple's Weapon Boutique.
  3295 | D:6      | Reached skill level 7 in Axes
  3466 | D:6      | Found a hazy altar of Hepliaklqana.
  3468 | D:6      | Found an ornate altar of the Wu Jian Council.
  3541 | D:6      | Found a staircase to the Ecumenical Temple.
  3621 | Temple   | Entered the Ecumenical Temple
  3975 | D:6      | Reached XP level 9. HP: 47/79 MP: 9/9
  4294 | D:7      | Reached skill level 8 in Axes
  4304 | D:7      | HP: 4/80 [something (6)]
  4306 | D:7      | Slain by a sky beast

Illustrated notes

Levels and vault maps discovered:
D:1:      ldierk_walled_garden_2, layout_loops_ring, serial_shops,
          nicolae_shop_pleasant_corner_grove, shop, nicolae_shop_stone, shop
D:2:      layout_basic, basic_ecumenical_altar, serial_shops, shop,
          hangedman_decor_clover_reticule, dreamdust_wishing_well, minivault_4,
          minivault_23, corexii_shack, grunt_ministairs_9,
          reono_crystal_passage, st_stairs_13, minmay_misc_feat_roman
D:3:      layout_basic, serial_park_tiny_pond
D:4:      layout_basic, grunt_dithmenos_smoke, nicolae_overflow_crystal_walls,
          uniq_pikel, uniq_ijyb
D:5:      layout_loops_ring, serial_shops, nicolae_shop_bloodbath_and_beyond,
          uniq_grinder, uniq_eustachio
D:6:      layout_basic, nicolae_overflow_hidden_temple, lemuel_crystal_altar,
          temple_pool_b
D:7:      layout_loops_ring, bloody_makhleb, minmay_increasing_density
Temple:   hellmonk_temple_forest_ring

Skill      XL: |  1  2  3  4  5  6  7  8  9 |
---------------+----------------------------+-----
Axes           | 3 4 5 6 7 8 |  8.0
Dodging        | 1 2 3 4 |  4.6
Fighting       | 4 5 6 7 |  7.7
Armour         | 4 5 6 7 |  7.6
Shields        | |  3.2

Action                     |  1- 3 |  4- 6 |  7- 9 || total
---------------------------+-------+-------+-------++-------
  Melee: War axe           |    73 |   138 |   214 ||   425
  Evoke: Wand              |       |    10 |     5 ||    15
    Use: Potion            |       |       |     4 ||     4
         Scroll            |       |       |    12 ||    12
 Armour: Scale mail        |    43 |       |       ||    43
         Chain mail        |    29 |   115 |   250 ||   394
  Dodge: Dodged            |    47 |    51 |   104 ||   202
  Block: Buckler           |    24 |    19 |    51 ||    94

Table legend: (Time is in decaauts)
 A = Elapsed time spent in this place.
 B = Non-inter-level travel time spent in this place.
 C = Inter-level travel time spent in this place.
 D = Time resting spent in this place.
 E = Time spent auto-exploring this place.
 F = Levels seen in this place.
 G = Mean time per level.
                   A        B        C        D        E       F      G
               +--------+--------+--------+--------+--------+-----+--------+
         Total |   4440 |   4104 |    336 |    171 |   3006 |   8 |  555.0 |
       Dungeon |   4439 |   4105 |    334 |    171 |   3006 |   7 |  634.1 |
        Temple |      1 |      0 |      1 |      0 |      0 |   1 |    1.0 |
               +--------+--------+--------+--------+--------+-----+--------+

Top non-repeatable levels by time:
     D:5: 866 daAuts
     D:1: 865 daAuts
     D:6: 846 daAuts
     D:2: 631 daAuts
     D:4: 628 daAuts
     D:3: 382 daAuts
     D:7: 217 daAuts
  Temple: 1 daAuts
